 Dungeon Sprint DCSS version 0.20-a0-1006-ge6c5631 (webtiles) character file.

1492 lordofpotatos the Fighter (level 8, -1/86 HPs)
             Began as a Hill Orc Gladiator on Apr 13, 2017.
             Was an Elder of Wu Jian.
             Slain by a lindwurm (11 damage)
             ... in the Dungeon (Sprint VII: "The Pits").
             The game lasted 00:07:13 (584 turns).

lordofpotatos the Fighter (Hill Orc Gladiator)       Turns: 584, Time: 00:07:13

Health: -1/86      AC: 10    Str: 17    XL:     8   Next: 80%
Magic:  8/8        EV: 15    Int:  8    God:    Wu Jian [****..]
Gold:   0          SH:  0    Dex: 14    Spells: 7/7 levels left

rFire    . . .     SeeInvis .   e - +1 long sword (holy)
rCold    . . .     Gourm    .   (no shield)
rNeg     . . .     Faith    .   q - +3 scale mail
rPois    .         Spirit   .   c - +0 helmet
rElec    .         Reflect  .   (no cloak)
rCorr    .         Harm     .   (no gloves)
MR       .....     NoTele   +   (no boots)
Stlth    ..........             (no amulet)
Regen    0.3/turn               (no ring)
MPRegen  0.2/turn               (no ring)

@: exhausted, very slightly contaminated, slowed, glowing, invisible (but
backlit and visible), heavenly storm, very slow
A: no striking features
a: Serpent's Lash, Renounce Religion


You were in the Dungeon.
You worshipped Wu Jian.
Wu Jian was greatly pleased with you.
You were very full.

You visited 1 branch

Inventory:

Hand Weapons
 e - a +1 long sword of holy wrath (weapon)
Armour
 c - a +0 helmet (worn)
 q - a +3 scale mail (worn)
Scrolls
 k - a scroll of blinking
 l - 3 scrolls of remove curse
 m - 5 scrolls of amnesia
 n - a scroll of summoning
Potions
 a - a potion of invisibility
 d - 4 potions of curing
 h - a potion of haste
 i - 4 potions of magic
 j - 2 potions of berserk rage
Comestibles
 f - 8 bread rations
 o - 38 fruits
 p - 6 meat rations


   Skills:
 + Level 13.0 Fighting
 + Level 12.2 Long Blades
 - Level 1.7 Throwing
 + Level 9.7 Dodging


You had 7 spell levels left.
You didn't know any spells.

Dungeon Overview and Level Annotations

Branches:
Dungeon (1/1)

Altars:
Ashenzari
Cheibriados
Dithmenos
Elyvilon
Fedhas
Gozag
Hepliaklqana
Kikubaaqudgha
Makhleb
Nemelex Xobeh
Okawaru
Qazlal
Ru
Sif Muna
Trog
Uskayaw
Vehumet
Wu Jian
Xom
Yredelemnul
Zin
The Shining One
Beogh
Jiyva
Lugonu


Message History

The blink frog barely misses you.
The blink frog hits you but does no damage.
The blink frog closely misses you.
There is an open door here.
The blink frog closely misses you. The blink frog misses you.
You riposte.
Your scale mail prevents you from hitting the blink frog.
The blink frog is severely wounded.
You see here an arrow.
You slash the blink frog!
You kill the blink frog!
The Council accepts your kill.
You can now summon a storm of heavenly clouds to empower your attacks.
Your Fighting skill increases to level 13!
Your Long Blades skill increases to level 12!
The air is filled with shimmering golden clouds!
Sifu Ma Yunglu says: The storm will not cease as long as you keep fighting, disciple!
You can no longer summon a storm of heavenly clouds to empower your attacks.
The lindwurm bites you!
You die...

#..........)'.....
#'#####'#####...(.
#.#..#..#..##.....
#.#..†..#))#####'#
#(#..####))##.....
#(#..#..#))##.....
#§#..#..#.[##.....
#§##(#..#[###...<.
#@#.((.....##.....
#k#....)...##.....
#F###########.....
#.......# ######
#.......# ####
#...#...# ....#
#..###†.#+#F...#
#...#†..#.Fb§F.+
#.......#'#.F..#


You could see a lindwurm and a blink frog.

Vanquished Creatures
  4 blink frogs (D)
  A fire bat (D)
  A basilisk (D)
  2 floating eyes (D)
  A wolf (D)
  A centaur (D)
  A crimson imp (D)
  A hound (D)
  A worker ant (D)
  A ball python (D)
  2 bat skeletons (D)
  A bat zombie (D)
  2 kobolds (D)
  A quokka (D)
  A goblin (D)
  A quokka skeleton (D)
  A quokka zombie (D)
23 creatures vanquished.

Notes
Turn   | Place    | Note
-------+----------+-------------------------------------------
     0 | D        | lordofpotatos the Hill Orc Gladiator began the quest for the Orb.
     0 | D        | Reached XP level 1. HP: 18/18 MP: 1/1
    52 | D        | Found a bloodstained altar of Trog.
    52 | D        | Found a deep blue altar of Sif Muna.
    52 | D        | Found a viscous altar of Jiyva.
    52 | D        | Found a hazy altar of Hepliaklqana.
    52 | D        | Found an opulent altar of Gozag.
    53 | D        | Found a glowing golden altar of the Shining One.
    53 | D        | Found a glowing silver altar of Zin.
    53 | D        | Found a basalt altar of Yredelemnul.
    53 | D        | Found a shimmering altar of Xom.
    53 | D        | Found an ornate altar of the Wu Jian Council.
    53 | D        | Found a sacrificial altar of Ru.
    53 | D        | Found a stormy altar of Qazlal.
    53 | D        | Found an iron altar of Okawaru.
    53 | D        | Found a sparkling altar of Nemelex Xobeh.
    53 | D        | Found a burning altar of Makhleb.
    53 | D        | Found a blossoming altar of Fedhas.
    53 | D        | Found a white marble altar of Elyvilon.
    53 | D        | Found a shadowy altar of Dithmenos.
    53 | D        | Found a snail-covered altar of Cheibriados.
    55 | D        | Found a radiant altar of Vehumet.
    55 | D        | Found a corrupted altar of Lugonu.
    55 | D        | Found a roughly hewn altar of Beogh.
    56 | D        | Found a hide-covered altar of Uskayaw.
    56 | D        | Found an ancient bone altar of Kikubaaqudgha.
    56 | D        | Found a shattered altar of Ashenzari.
    62 | D        | Became a worshipper of the Wu Jian Council
    77 | D        | Noticed a floating eye
    78 | D        | Reached skill level 3 in Fighting
    81 | D        | Paralysed by a floating eye for 4 turns
    86 | D        | Killed a floating eye
    86 | D        | Reached skill level 6 in Fighting
    86 | D        | Reached XP level 2. HP: 31/31 MP: 2/2
    86 | D        | Reached XP level 3. HP: 38/38 MP: 3/3
    86 | D        | Reached XP level 4. HP: 45/45 MP: 4/4
    91 | D        | Reached * piety under Wu Jian
   101 | D        | Reached skill level 7 in Fighting
   101 | D        | Reached skill level 5 in Dodging
   101 | D        | Reached XP level 5. HP: 26/52 MP: 5/5
   215 | D        | Noticed a floating eye
   218 | D        | Killed a floating eye
   218 | D        | Reached ** piety under Wu Jian
   218 | D        | Reached skill level 8 in Fighting
   224 | D        | Reached XP level 6. HP: 57/62 MP: 6/6
   306 | D        | Reached *** piety under Wu Jian
   306 | D        | Reached skill level 9 in Fighting
   319 | D        | Reached skill level 10 in Fighting
   328 | D        | Reached **** piety under Wu Jian
   335 | D        | Reached XP level 7. HP: 49/72 MP: 7/7
   460 | D        | Noticed a basilisk
   505 | D        | Killed a basilisk
   505 | D        | Reached skill level 10 in Long Blades
   544 | D        | Noticed a fire bat
   544 | D        | Noticed a blink frog
   544 | D        | Noticed a blink frog
   544 | D        | Noticed a blink frog
   544 | D        | Noticed a blink frog
   544 | D        | Noticed a blink frog
   544 | D        | Noticed a lindwurm
   551 | D        | Killed a blink frog
   551 | D        | Reached skill level 11 in Fighting
   561 | D        | Killed a fire bat
   561 | D        | Reached XP level 8. HP: 72/83 MP: 8/8
   562 | D        | Killed a blink frog
   562 | D        | Reached skill level 12 in Fighting
   566 | D        | Killed a blink frog
   568 | D        | HP: 4/127 [lindwurm/blast of flame (35)]
   583 | D        | Killed a blink frog
   583 | D        | Reached ***** piety under Wu Jian
   583 | D        | Reached skill level 13 in Fighting
   584 | D        | Slain by a lindwurm

Vault maps used:
D:        pitsprint

Skill      XL: |  1  2  3  4  5  6  7  8 |
---------------+-------------------------+-----
Fighting       | 6 7 8 10 11 13 | 13.0
Long Blades    | 6 8 9 11 12 | 12.2
Dodging        | 4 5 6 7 8 9 |  9.7
Throwing       | |  1.7

Action                   |  1- 3 |  4- 6 |  7- 9 || total
-------------------------+-------+-------+-------++-------
Melee: Falchion          |     5 |    21 |       ||    26
       Long sword        |     5 |    20 |    44 ||    69
Invok: Serpent's Lash    |       |       |     2 ||     2
       Heavenly Storm    |       |       |     1 ||     1
  Use: Potion            |       |     2 |     8 ||    10
  Eat: Meat ration       |     1 |       |       ||     1
       Fruit             |       |       |     2 ||     2
Armor: Leather armour    |       |     4 |       ||     4
       Scale mail        |       |     8 |    19 ||    27
Dodge: Dodged            |     2 |    26 |    55 ||    83
       Rpst.: Falchion   |       |     4 |       ||     4
       Long sword        |       |     2 |    11 ||    13
